 Dungeon Sprint DCSS version 0.28-a0-1412-gf95308ed99 (webtiles) character file.

Game seed: 4917266518721561639

2000000 brmiller01 the Axe Maniac (level 15, -19/174 HPs)
             Began as a Minotaur Berserker on Jan 6, 2022.
             Was a High Priest of Trog.
             Killed by an exploding large bag of meat (29 damage)
             ... ignited by their inner flame
             ... in the Dungeon (Sprint VIII: "Arena of Blood").
             The game lasted 00:01:05 (20 turns).

brmiller01 the Axe Maniac (Minotaur Berserker)        Turns: 20, Time: 00:01:07

Health: -19/174    AC:  4    Str: 29    XL:     15   Next: 66%
Magic:  14/14      EV: 22    Int:  4    God:    Trog [*****.]
Gold:   0          SH:  0    Dex: 10    Spells: 14/14 levels left

rFire   . . .      SeeInvis .   i - +∞ Axe of Woe
rCold   . . .      Faith    .   (shield currently unavailable)
rNeg    . . .      Spirit   .   b - +0 animal skin
rPois   .          Reflect  .   (helmet restricted)
rElec   .          Harm     .   (no cloak)
rCorr   .          Rampage  .   (no gloves)
Will    +....      NoTele   +   (no boots)
Stlth   +.........              (no amulet)
HPRegen 0.39/turn               (no ring)
MPRegen 0.14/turn               (no ring)

@: no status effects
A: horns 2, retaliatory headbutt
a: Renounce Religion, Berserk, Trog's Hand, Brothers in Arms


You were in the Dungeon.
You worshipped Trog.
Trog was extremely pleased with you.
You visited 1 branch

Inventory:

Hand Weapons
 a - a +0 hand axe
 i - the +∞ Axe of Woe (weapon)
   (You found it in the Dungeon)
Armour
 b - a +0 animal skin (worn)
Scrolls
 h - a scroll of blinking
Potions
 c - a potion of curing
 d - a potion of heal wounds
 e - a potion of haste
 f - 2 potions of magic
 g - a potion of berserk rage


   Skills:
 O Level 27 Fighting
 O Level 27 Axes
 O Level 27 Armour
 O Level 27 Dodging


You had 14 spell levels left.
You didn't know any spells.
Your spell library was empty.

Dungeon Overview and Level Annotations

Branches:
Dungeon (1/1)

Altars:
Makhleb


Innate Abilities, Weirdness & Mutations

You have a pair of horns on your head.
You reflexively headbutt those who attack you in melee.


Message History

You kill the meat berserker!
Trog accepts your kill.
You slash the bag of meat!
You hew the bag of meat savagely.
You kill the bag of meat!
Trog accepts your kill.
You hear a shout! x5
A bag of meat comes into view. It is wielding a +9 war axe.
You hear a shout! x2
You have mastered Armour!
You have mastered Dodging! 2 orcs come into view.
The bag of meat shouts! x2; You hear a shout! x3
The large bag of meat hits you with a +9 giant spiked club!!! x2
* * * LOW HITPOINT WARNING * * *
You hear a shout! x2
A bag of meat comes into view. It is wielding a +9 war axe.
You hear a shout! x2
A bag of meat comes into view. It is wielding a +9 war axe.
You hear two shouts!
The bag of meat shouts!
Items here: )) ==.
You are too injured to fight recklessly!
You slice the large bag of meat!!
Flame seeps out of the large bag of meat.
You slaughter the large bag of meat joyfully.
Trog accepts your kill.
Trog will now gift you melee weapons as you gain piety.
You hit the bag of meat.
You pulverise the bag of meat into a thin bloody mist.
You kill the bag of meat!
Trog accepts your kill.
You slice the bag of meat!!
You hew the bag of meat savagely.
You kill the bag of meat!
Trog accepts your kill.
You slice the bag of meat!!
You pulverise the bag of meat into a thin bloody mist.
You kill the bag of meat!
Trog accepts your kill.
The large bag of meat explodes!
The fiery explosion engulfs the bag of meat!!!
The fiery explosion engulfs you!!
You die... oo....

.. ..
##..o..##.##o..
................
.........#.#.....
.....O...o..o....
....ooo§§........
#.....§○§........
......)@§........
.......))..O....
....#..o....#..
... #o....))# .
..###o...)).###...
....O.###........
...o..._.........
....#.....#......
o...#_.<._#......


You could see 3 meat berserkers and 13 bags of meat.

Vanquished Creatures
  2 ogres (D)
  A two-headed ogre (D)
  13 orcs (D)
16 creatures vanquished.

Notes
Turn   | Place    | Note
-------+----------+-------------------------------------------
     0 | D        | Found the +∞ Axe of Woe
     0 | D        | brmiller01 the Minotaur Berserker began the quest for the
                  | Orb.
     0 | D        | Reached XP level 1. HP: 19/19 MP: 0/0
     2 | D        | Noticed a bag of meat
     3 | D        | Noticed a bag of meat
     4 | D        | Noticed a bag of meat
     4 | D        | Noticed a bag of meat
     5 | D        | Noticed a bag of meat
     6 | D        | Killed a bag of meat
     6 | D        | Noticed a bag of meat
     6 | D        | Noticed a meat berserker
     7 | D        | Reached XP level 2. HP: 55/55 MP: 1/1
     7 | D        | Reached XP level 3. HP: 62/62 MP: 2/2
     7 | D        | Reached XP level 4. HP: 70/70 MP: 3/3
     7 | D        | Reached XP level 5. HP: 77/77 MP: 4/4
     7 | D        | Reached XP level 6. HP: 85/85 MP: 5/5
     7 | D        | Reached XP level 7. HP: 92/92 MP: 6/6
     7 | D        | Reached XP level 8. HP: 100/100 MP: 7/7
     7 | D        | Reached XP level 9. HP: 107/107 MP: 8/8
     7 | D        | Reached XP level 10. HP: 115/115 MP: 9/9
     7 | D        | Noticed a bag of meat
     8 | D        | Killed a bag of meat
     8 | D        | Reached ** piety under Trog
     8 | D        | Killed a bag of meat
     9 | D        | Reached XP level 11. HP: 134/134 MP: 10/10
     9 | D        | Reached XP level 12. HP: 143/143 MP: 11/11
     9 | D        | Killed a bag of meat
    10 | D        | Reached XP level 13. HP: 154/154 MP: 12/12
    10 | D        | Killed a meat berserker
    11 | D        | Reached skill level 27 in Fighting
    11 | D        | Reached skill level 27 in Axes
    11 | D        | Reached skill level 15 in Dodging
    11 | D        | Killed a bag of meat
    11 | D        | Reached *** piety under Trog
    12 | D        | Reached XP level 14. HP: 168/168 MP: 13/13
    12 | D        | Noticed a bag of meat
    12 | D        | Noticed a bag of meat
    12 | D        | Noticed a bag of meat
    12 | D        | Noticed a meat berserker
    12 | D        | Noticed a bag of meat
    13 | D        | Noticed a large bag of meat
    13 | D        | Noticed a bag of meat
    13 | D        | Noticed a bag of meat
    13 | D        | Noticed a bag of meat
    13 | D        | Noticed a bag of meat
    14 | D        | Killed a bag of meat
    14 | D        | Noticed a bag of meat
    14 | D        | Noticed a meat berserker
    15 | D        | Noticed a bag of meat
    15 | D        | Noticed a bag of meat
    15 | D        | Noticed a bag of meat
    16 | D        | Killed a bag of meat
    16 | D        | Killed a bag of meat
    16 | D        | Reached **** piety under Trog
    16 | D        | Noticed a bag of meat
    16 | D        | Noticed a bag of meat
    16 | D        | Noticed a meat berserker
    16 | D        | Noticed a meat berserker
    17 | D        | Killed a bag of meat
    17 | D        | Noticed a meat berserker
    17 | D        | Noticed a bag of meat
    18 | D        | Reached XP level 15. HP: 126/174 MP: 14/14
    18 | D        | Killed a meat berserker
    19 | D        | Reached skill level 27 in Armour
    19 | D        | Reached skill level 27 in Dodging
    20 | D        | Killed a large bag of meat
    20 | D        | Reached ***** piety under Trog
    20 | D        | Killed by an exploding large bag of meat... ignited by
                  | their inner flame

Illustrated notes

Levels and vault maps discovered:
D:        meatsprint

Skill      XL: |  1  2  3  4  5  6  7  8  9 10 11 12 13 14 15 |
---------------+----------------------------------------------+-----
Fighting       | 19 23 25 27 | 27.0
Axes           | 20 24 25 27 | 27.0
Armour         | 9 12 13 18 24 27 | 27.0
Dodging        | 9 11 12 17 23 27 | 27.0

Action                   |  1- 3 |  4- 6 |  7- 9 | 10-12 | 13-15 || total
-------------------------+-------+-------+-------+-------+-------++-------
Melee: Executioner's axe |     1 |       |       |     2 |     7 ||    10
Dodge: Dodged            |       |       |       |     1 |       ||     1

Table legend: (Time is in decaauts)
 A = Elapsed time spent in this place.
 B = Non-inter-level travel time spent in this place.
 C = Inter-level travel time spent in this place.
 D = Time resting spent in this place.
 E = Time spent auto-exploring this place.
 F = Levels seen in this place.
 G = Mean time per level.
                   A        B        C        D        E       F      G
               +--------+--------+--------+--------+--------+-----+--------+
         Total |     18 |     18 |      0 |      0 |      0 |   1 |   18.0 |
       Dungeon |     18 |     18 |      0 |      0 |      0 |   1 |   18.0 |
               +--------+--------+--------+--------+--------+-----+--------+

Top non-repeatable levels by time:
       D: 18 daAuts
